SL
HOUSTON 1837 BBC @ GRAFTON MIDDIES
08/11/2025
 
TOP OF THE 1ST
Houston 1837 BBC batting - Pitching for Grafton Middies : RHP Wayne Hurst
Pitching: RHP Wayne Hurst
Batting: LHB Mike Hanson 0-0: Called Strike
0-1: Called Strike
0-2: Foul Ball, location: 2F
0-2: Foul Ball, location: 2F
0-2: Foul Ball, location: 2F
0-2: Ground out U3 (Groundball, 3L)
Batting: RHB Kumanosuke Abe 0-0: Ball
1-0: Ball
2-0: Called Strike
2-1: Foul Ball, location: 2F
2-2: Ball
3-2: Foul Ball, location: 2F
3-2: Ground out 4-3 (Groundball, 4D)
Batting: LHB José Marín 0-0: Called Strike
0-1: Called Strike
0-2: SINGLE (Groundball, 4D)
Batting: SHB Jason Alexander 0-0: Called Strike
0-1: Ball
1-1: Foul Ball, location: 2F
1-2: Ball
José Marín steals 2nd base
2-2: Ball
3-2: Foul Ball, location: 2F
3-2: Foul Ball, location: 2F
3-2: Fly out, F7 (Flyball, 7D)
Top of the 1st over - 0 run(s), 1 hit(s), 0 error(s), 1 left on base; Houston 0 - Grafton 0
BOTTOM OF THE 1ST
Grafton Middies batting - Pitching for Houston 1837 BBC : RHP Gary Bailey
Pitching: RHP Gary Bailey
Batting: RHB Pedro Santos 0-0: Ball
1-0: Foul Ball, location: 2F
1-1: Ball
2-1: Ground out 1-3 (Groundball, 13S)
Batting: RHB Carlos Maldonado 0-0: Ball
1-0: Foul Ball, location: 2F
1-1: SINGLE (Groundball, 6MD)
Batting: LHB Mario Ramos 0-0: Swinging Strike
0-1: Foul Ball, location: 2F
0-2: Ball
1-2: Ball
2-2: 2-RUN HOME RUN (Flyball, 9D), Distance : 389 ft
Batting: RHB Stefano Gaddi 0-0: Fly out, F8 (Flyball, 78D)
Batting: RHB Ramón Gómez 0-0: Ball
1-0: Called Strike
1-1: Foul Ball, location: 2F
1-2: Fly out, F9 (Flyball, 9)
Bottom of the 1st over - 2 run(s), 2 hit(s), 0 error(s), 0 left on base; Houston 0 - Grafton 2
TOP OF THE 2ND
Houston 1837 BBC batting - Pitching for Grafton Middies : RHP Wayne Hurst
Batting: LHB Alberto Torres 0-0: Ground out 4-3 (Groundball, 4)
Batting: LHB Mark McClear 0-0: Ground out 6-3 (Groundball, 6)
Batting: RHB David Gómez 0-0: Called Strike
0-1: Ball
1-1: Fly out, F5 (Line Drive, 56D)
Top of the 2nd over - 0 run(s), 0 hit(s), 0 error(s), 0 left on base; Houston 0 - Grafton 2
BOTTOM OF THE 2ND
Grafton Middies batting - Pitching for Houston 1837 BBC : RHP Gary Bailey
Batting: LHB Ramón Rivera 0-0: Ball
1-0: Fly out, F7 (Flyball, 7D)
Batting: LHB Lawrence Washington 0-0: Called Strike
0-1: Ball
1-1: Ground out 4-3 (Groundball, 4M)
Batting: RHB Dave Ash 0-0: Ball
1-0: Fly out, F8 (Flyball, 8RM)
Bottom of the 2nd over - 0 run(s), 0 hit(s), 0 error(s), 0 left on base; Houston 0 - Grafton 2
TOP OF THE 3RD
Houston 1837 BBC batting - Pitching for Grafton Middies : RHP Wayne Hurst
Batting: LHB Joaquín Rangel 0-0: Ball
1-0: Ground out 1-3 (Groundball, P)
Batting: LHB Damian Delaney 0-0: Ball
1-0: Called Strike
1-1: Called Strike
1-2: Ball
2-2: Fly out, F7 (Line Drive, 7LM)
Batting: LHB Mike Hanson 0-0: SINGLE (Groundball, 4MD)
Batting: RHB Kumanosuke Abe 0-0: Called Strike
0-1: Foul Ball, location: 2F
0-2: Ball
1-2: Ball
Mike Hanson steals 2nd base
2-2: Ball
3-2: Foul Ball, location: 2F
3-2: Base on Balls
Batting: LHB José Marín 0-0: Ball
1-0: Foul Ball, location: 2F
1-1: DOUBLE (Line Drive, 9LS)
Mike Hanson scores
Kumanosuke Abe to third
Runner from 3rd tries for Home, SAFE, no throw
Batting: SHB Jason Alexander 0-0: Ball
1-0: Ball
2-0: Called Strike
2-1: Swinging Strike
2-2: Ball
3-2: Foul Ball, location: 2F
3-2: Foul Ball, location: 2F
3-2: Strikes out looking
Top of the 3rd over - 2 run(s), 2 hit(s), 0 error(s), 1 left on base; Houston 2 - Grafton 2
BOTTOM OF THE 3RD
Grafton Middies batting - Pitching for Houston 1837 BBC : RHP Gary Bailey
Batting: RHB Dennis Clifton 0-0: Ball
1-0: Called Strike
1-1: Fly out, F7 (Flyball, 7)
Batting: RHB Pedro Santos 0-0: Ball
1-0: Ball
2-0: Called Strike
2-1: Ball
3-1: Ground out 6-3 (Groundball, 6M)
Batting: RHB Carlos Maldonado 0-0: Ball
1-0: SOLO HOME RUN (Flyball, 7D), Distance : 400 ft
Batting: LHB Mario Ramos 0-0: Ball
1-0: Called Strike
1-1: Ball
2-1: Foul Ball, location: 2F
2-2: Foul Ball, location: 2F
2-2: Ball
3-2: DOUBLE (Line Drive, 78XD)
Batting: RHB Stefano Gaddi 0-0: Called Strike
0-1: Ball
1-1: SINGLE (Flyball, 7LM)
Mario Ramos to third
Runner from 3rd tries for Home, SAFE, no throw
Batting: RHB Ramón Gómez 0-0: Fielders Choice at 2nd, 6-4 (Groundball, 6)
Bottom of the 3rd over - 2 run(s), 3 hit(s), 0 error(s), 0 left on base; Houston 2 - Grafton 4
TOP OF THE 4TH
Houston 1837 BBC batting - Pitching for Grafton Middies : RHP Wayne Hurst
Batting: LHB Alberto Torres 0-0: Fly out, F7 (Line Drive, 7D)
Batting: LHB Mark McClear 0-0: Fly out, F8 (Flyball, 8LD)
Batting: RHB David Gómez 0-0: Ball
1-0: Called Strike
1-1: Ball
2-1: Foul Ball, location: 2F
2-2: Ball
3-2: SINGLE (Line Drive, 8LS)
Batting: LHB Joaquín Rangel 0-0: Called Strike
0-1: Ball
1-1: Foul Ball, location: 2F
1-2: Strikes out swinging
Top of the 4th over - 0 run(s), 1 hit(s), 0 error(s), 1 left on base; Houston 2 - Grafton 4
BOTTOM OF THE 4TH
Grafton Middies batting - Pitching for Houston 1837 BBC : RHP Gary Bailey
Batting: LHB Ramón Rivera 0-0: Called Strike
0-1: Ball
1-1: Called Strike
1-2: Ball
2-2: Ball
3-2: Base on Balls
Batting: LHB Lawrence Washington 0-0: Called Strike
Ramón Rivera steals 2nd base
0-1: Foul Ball, location: 2F
0-2: Ball
1-2: DOUBLE (Flyball, 8LD)
Ramón Rivera scores
Batting: RHB Dave Ash 0-0: Fly out, F9 (Flyball, 9LS)
Batting: RHB Dennis Clifton 0-0: Called Strike
0-1: SINGLE (Line Drive, 56D)
Lawrence Washington to third
Runner from 3rd tries for Home, SAFE, no throw
Pitching: RHP Nicholas Beyer
Batting: RHB Pedro Santos 0-0: Ball
1-0: Fly out, F9 (Flyball, 9D)
Batting: RHB Carlos Maldonado 0-0: Ball
1-0: Called Strike
1-1: Fly out, F7 (Flyball, 7LSF)
Bottom of the 4th over - 2 run(s), 2 hit(s), 0 error(s), 1 left on base; Houston 2 - Grafton 6
TOP OF THE 5TH
Houston 1837 BBC batting - Pitching for Grafton Middies : RHP Wayne Hurst
Batting: LHB Damian Delaney 0-0: SINGLE (Groundball, 6D)
Batting: LHB Mike Hanson 0-0: Foul Ball, location: 2F
0-1: Ball
Damian Delaney steals 2nd base
1-1: Ball
2-1: Swinging Strike
2-2: Foul Ball, location: 2F
2-2: Foul Ball, location: 2F
2-2: Ball
3-2: Strikes out swinging
Batting: RHB Kumanosuke Abe 0-0: Called Strike
0-1: Ball
1-1: Foul Ball, location: 2F
1-2: Ball
2-2: Ball
3-2: Foul Ball, location: 2F
3-2: SINGLE (Groundball, 6D)
Damian Delaney to third
Runner from 3rd tries for Home, SAFE, no throw
Batting: LHB José Marín 0-0: Fly out, F8 (Flyball, 8RD)
Batting: SHB Jason Alexander 0-0: Ball
1-0: Ball
2-0: Called Strike
2-1: Fielders Choice at 2nd, 4-6 (Groundball, 34)
Top of the 5th over - 1 run(s), 2 hit(s), 0 error(s), 0 left on base; Houston 3 - Grafton 6
BOTTOM OF THE 5TH
Grafton Middies batting - Pitching for Houston 1837 BBC : RHP Nicholas Beyer
Batting: LHB Mario Ramos 0-0: Fly out, F7 (Flyball, 7LMF)
Batting: RHB Stefano Gaddi 0-0: Foul Ball, location: 2F
0-1: Foul Ball, location: 2F
0-2: Ball
1-2: Foul Ball, location: 2F
1-2: Ball
2-2: Fly out, F5 (Popup, 5L)
Batting: RHB Ramón Gómez 0-0: Called Strike
0-1: Called Strike
0-2: Ball
1-2: Ball
2-2: Fly out, F8 (Flyball, 78D)
Bottom of the 5th over - 0 run(s), 0 hit(s), 0 error(s), 0 left on base; Houston 3 - Grafton 6
TOP OF THE 6TH
Houston 1837 BBC batting - Pitching for Grafton Middies : RHP Wayne Hurst
Batting: LHB Alberto Torres 0-0: Ball
1-0: Ball
2-0: Ball
3-0: Called Strike
3-1: Base on Balls
Batting: LHB Mark McClear 0-0: Ground out 3-1 (Groundball, 34S)
Alberto Torres to second
Batting: RHB David Gómez 0-0: Called Strike
0-1: Ground out 6-3 (Groundball, 56)
Batting: LHB Joaquín Rangel 0-0: Called Strike
0-1: Foul Ball, location: 2F
0-2: SINGLE (Groundball, 6S) (infield hit)
Alberto Torres to third
Batting: LHB Damian Delaney 0-0: Ball
1-0: Called Strike
1-1: Fly out, F8 (Flyball, 78M)
Top of the 6th over - 0 run(s), 1 hit(s), 0 error(s), 2 left on base; Houston 3 - Grafton 6
BOTTOM OF THE 6TH
Grafton Middies batting - Pitching for Houston 1837 BBC : RHP Nicholas Beyer
Batting: LHB Ramón Rivera 0-0: Foul Ball, location: 2F
0-1: Called Strike
0-2: Strikes out swinging
Batting: LHB Lawrence Washington 0-0: Fly out, F7 (Flyball, 7LS)
Batting: RHB Dave Ash 0-0: Ball
1-0: Ball
2-0: Ball
3-0: Base on Balls
Batting: RHB Dennis Clifton 0-0: Called Strike
0-1: Ball
1-1: Fly out, F7 (Flyball, 7S)
Bottom of the 6th over - 0 run(s), 0 hit(s), 0 error(s), 1 left on base; Houston 3 - Grafton 6
TOP OF THE 7TH
Houston 1837 BBC batting - Pitching for Grafton Middies : RHP Wayne Hurst
Pitching: RHP Domingo Álvarez
Batting: LHB Mike Hanson 0-0: Called Strike
0-1: Ball
1-1: Foul Ball, location: 2F
1-2: Fly out, F9 (Line Drive, 89M)
Batting: RHB Kumanosuke Abe 0-0: Swinging Strike
0-1: Foul Ball, location: 2F
0-2: Ball
1-2: Ball
2-2: Ball
3-2: SINGLE (Groundball, 34D)
Batting: LHB José Marín 0-0: Foul Ball, location: 2F
0-1: Called Strike
0-2: Ball
1-2: Strikes out swinging
Batting: SHB Jason Alexander 0-0: Swinging Strike
0-1: Fly out, F8 (Flyball, 8LS)
Top of the 7th over - 0 run(s), 1 hit(s), 0 error(s), 1 left on base; Houston 3 - Grafton 6
BOTTOM OF THE 7TH
Grafton Middies batting - Pitching for Houston 1837 BBC : RHP Nicholas Beyer
Batting: RHB Pedro Santos 0-0: Foul Ball, location: 2F
0-1: Ball
1-1: Foul Ball, location: 2F
1-2: Fly out, F8 (Flyball, 78S)
Batting: RHB Carlos Maldonado 0-0: Ball
1-0: Called Strike
1-1: Foul Ball, location: 2F
1-2: Foul Ball, location: 2F
1-2: SINGLE (Flyball, 78S)
Batting: LHB Mario Ramos 0-0: Ball
1-0: Called Strike
Carlos Maldonado steals 2nd base
1-1: Intentional Walk
Batting: RHB Stefano Gaddi 0-0: Called Strike
0-1: SINGLE (Flyball, 89S)
Carlos Maldonado to third
Mario Ramos to second
Runner from 3rd tries for Home, SAFE, no throw
Batting: RHB Ramón Gómez 0-0: Fly out, F7 (Flyball, 78S)
Batting: LHB Ramón Rivera 0-0: Ball
1-0: Swinging Strike
1-1: Called Strike
1-2: Ball
2-2: Strikes out swinging
Bottom of the 7th over - 1 run(s), 2 hit(s), 0 error(s), 2 left on base; Houston 3 - Grafton 7
TOP OF THE 8TH
Houston 1837 BBC batting - Pitching for Grafton Middies : RHP Domingo Álvarez
Batting: LHB Alberto Torres 0-0: Called Strike
0-1: Fly out, F5 (Line Drive, 56S)
Batting: LHB Mark McClear 0-0: Called Strike
0-1: Foul Ball, location: 2F
0-2: Ball
1-2: Ball
2-2: Foul Ball, location: 2F
2-2: Ball
3-2: Ground out 6-3 (Groundball, 6)
Batting: RHB David Gómez 0-0: Called Strike
0-1: Called Strike
0-2: Ground out 6-3 (Groundball, 6)
Top of the 8th over - 0 run(s), 0 hit(s), 0 error(s), 0 left on base; Houston 3 - Grafton 7
BOTTOM OF THE 8TH
Grafton Middies batting - Pitching for Houston 1837 BBC : RHP Nicholas Beyer
Batting: LHB Lawrence Washington 0-0: Foul Ball, location: 2F
0-1: Ball
1-1: Foul Ball, location: 2F
1-2: Foul Ball, location: 2F
1-2: SINGLE (Groundball, 34S) (infield hit)
Pitching: RHP Jorge Rosales
Batting: RHB Dave Ash 0-0: Ball
1-0: Ball
2-0: Sac Bunt - play at first, batter OUT! 1-4
Lawrence Washington to second
Batting: RHB Dennis Clifton 0-0: Ball
1-0: Swinging Strike
1-1: Called Strike
1-2: Ball
2-2: Foul Ball, location: 2F
2-2: Ball
3-2: Base on Balls
Batting: RHB Pedro Santos 0-0: Ball
1-0: Called Strike
1-1: Ball
2-1: Ball
3-1: Base on Balls
Lawrence Washington to third
Dennis Clifton to second
Batting: RHB Carlos Maldonado 0-0: DOUBLE (Line Drive, 7LM)
Lawrence Washington scores
Dennis Clifton scores
Pedro Santos to third
Batting: LHB Mario Ramos 0-0: Ball
1-0: Foul Ball, location: 2F
1-1: DOUBLE (Flyball, 9LM)
Pedro Santos scores
Carlos Maldonado scores
Batting: RHB Stefano Gaddi 0-0: Foul Ball, location: 2F
0-1: Ball
1-1: Ball
2-1: Foul Ball, location: 2F
2-2: Ground out 6-3 (Groundball, 56)
Batting: RHB Ramón Gómez 0-0: Swinging Strike
0-1: Ball
1-1: Ball
2-1: Ground out 6-3 (Groundball, 6)
Bottom of the 8th over - 4 run(s), 3 hit(s), 0 error(s), 1 left on base; Houston 3 - Grafton 11
TOP OF THE 9TH
Houston 1837 BBC batting - Pitching for Grafton Middies : RHP Domingo Álvarez
Now at C: Jorge Colomo
Batting: LHB Joaquín Rangel 0-0: Swinging Strike
0-1: Fly out, F2 (Popup, 34S)
Batting: LHB Damian Delaney 0-0: Ground out 3-1 (Groundball, 3S)
Batting: LHB Mike Hanson 0-0: Ball
1-0: Ball
2-0: Foul Ball, location: 2F
2-1: Ground out U3 (Groundball, 34)
Top of the 9th over - 0 run(s), 0 hit(s), 0 error(s), 0 left on base; Houston 3 - Grafton 11
Friday, December 30th, 2016 - OOTP Baseball 17.12 Build 75